 Dungeon Crawl Stone Soup version 0.22-a0-348-gd16d139 (webtiles) character file.

30 torrenera the Digger (level 3, -1/14 HPs)
             Began as a Felid Earth Elementalist on Apr 11, 2018.
             Slain by an orc (4 damage)
             ... on level 2 of the Dungeon.
             The game lasted 00:02:50 (1157 turns).

torrenera the Digger (Felid Earth Elementalist)     Turns: 1157, Time: 00:02:51

Health: -1/14      AC:  1    Str:  4    XL:     3   Next: 3%
Magic:  3/8        EV: 18    Int: 17    God:
Gold:   59         SH:  0    Dex: 16    Spells: 4/7 levels left
                                        Lives:  0   Deaths: 0

rFire    . . .     SeeInvis +   (weapon unavailable)
rCold    . . .     Gourm    .   (shield unavailable)
rNeg     . . .     Faith    .   (armour unavailable)
rPois    .         Spirit   .   (helmet unavailable)
rElec    .         Reflect  .   (cloak unavailable)
rCorr    .         Harm     .   (gloves unavailable)
MR       .....                  (boots unavailable)
Stlth    +++.......             (no amulet)
HPRegen  0.04/turn              (no ring)
MPRegen  0.11/turn              (no ring)

@: very slightly contaminated, quick
A: very small, no armour, no weapons or thrown items, stealth, claws 1, fangs 3,
see invisible, carnivore, speed 1, shaggy fur 1, slow metabolism 1, sharp paws
a: no special abilities


You were on level 2 of the Dungeon.
You were completely stuffed.

You visited 1 branch of the dungeon, and saw 2 of its levels.

You collected 59 gold pieces.

Inventory:

Missiles
 b - 24 stones
Jewellery
 k - a +2 ring of strength {unknown}
 m - a cursed ring of loudness {unknown}
Scrolls
 d - 3 scrolls of enchant weapon {unknown}
 g - a scroll of amnesia {unknown}
 i - 3 scrolls of teleportation {unknown}
 j - 2 scrolls of identify {unknown}
 l - a scroll of blinking {unknown}
 n - a scroll of fog {unknown}
Potions
 a - a potion of resistance {unknown}
 e - a potion of berserk rage {unknown}
 h - a potion of curing {unknown}
Comestibles
 c - 3 rations
 f - 7 chunks of flesh


   Skills:
 - Level 2.6 Dodging
 - Level 2.6 Stealth
 * Level 2.7 Spellcasting
 - Level 1.1 Transmutations
 + Level 3.3 Earth Magic


You had 4 spell levels left.
You knew the following spells:

 Your Spells              Type           Power        Failure   Level  Hunger
a - Sandblast             Erth           ##....       4%          1    #......
b - Passwall              Tmut/Erth      #.........   11%         2    ##.....


Dungeon Overview and Level Annotations

Branches:
Dungeon (2/15)

Altars:


Innate Abilities, Weirdness & Mutations

You cannot wear armour.
You are incapable of wielding weapons or throwing items.
Your paws allow you to move quietly. (Stealth)
You have sharp claws.
You have razor-sharp teeth.
You have supernaturally acute eyesight. (SInv)
You are carnivorous and can eat meat at any time.
You cover ground quickly.
You are covered in fur. (AC +1)
You have a slow metabolism.
Your sharp claws are effective at attacking unaware monsters.


Message History

The orc closely misses you.
There is a stone staircase leading down here.
Casting: Sandblast (safe; 4% risk of failure)
Confirm with . or Enter, or press ? or * to list all spells.
Aiming: Sandblast (safe; 4% risk of failure)
Press: ? - help, Shift-Dir - straight line, f/p - orc
Aim: an orc, wearing a scale mail (moderately wounded)
The blast of sand hits the orc.
The orc is moderately wounded.
b - 25 stones
Casting: Sandblast (safe; 4% risk of failure)
Confirm with . or Enter, or press ? or * to list all spells.
Aiming: Sandblast (safe; 4% risk of failure)
Press: ? - help, Shift-Dir - straight line, f/p - orc
Aim: an orc, wearing a scale mail (moderately wounded)
The blast of sand hits the orc.
The orc is moderately wounded.
b - 24 stones The orc hits you.
You die...

...>........ ..
#.####.#### #.. #.#
#.# #.# ##.## #.#
#.####..<###.#
#.######
#............#
#......##
#..###...#####
#####...###..##...##
......#..o@)....###
#####...###.....#
##.## ##.##.# #.#
#.##.# ########.##
#.##.# ..........#
#.##.# ########..#
#.##.# #..# #.##.# #
######..####.##.#


You could see an orc.

Vanquished Creatures
  An ooze (D:1)
  A ball python (D:1)
  5 bats
  A giant cockroach (D:2)
  6 goblins
  3 hobgoblins
  2 jackals (D:2)
  A kobold (D:1)
  2 rats (D:1)
22 creatures vanquished.

Notes
Turn   | Place    | Note
-------+----------+-------------------------------------------
     0 | D:1      | torrenera the Felid Earth Elementalist began the quest for the Orb.
     0 | D:1      | Reached XP level 1. HP: 7/7 MP: 4/4
   345 | D:1      | Reached skill level 3 in Earth Magic
   345 | D:1      | Reached XP level 2. HP: 11/11 MP: 0/6
  1001 | D:2      | Learned a level 2 spell: Passwall
  1089 | D:2      | Reached XP level 3. HP: 14/14 MP: 8/8
  1157 | D:2      | Slain by an orc

Vault maps used:
D:1:      minmay_arrival_jagged, corner_web_ring
D:2:      chequers_temple_overflow_minitemple

Skill      XL: |  1 |
---------------+----+-----
Earth Magic    | 3 |  3.3
Dodging        | |  2.6
Stealth        | |  2.6
Spellcasting   | |  2.7
Transmutations | |  1.1

Action                   || total
-------------------------++-------
Melee: Unarmed           ||    46
       Bite              ||     4
 Cast: Sandblast         ||    23
 Stab: Sleeping          ||     5
       Distracted        ||     1
  Eat: Chunk             ||     8
Armor: Skin              ||     6
Dodge: Dodged            ||    74

Table legend:
 A = Spawn XP
 B = Non-spawn XP
 C = Spawn XP percentage of total XP
 D = Spawn monster count
 E = Non-spawn monster count
 F = Spawn count percentage of total count
 G = Total turns spent on level
                    A         B        C        D         E        F      G
               +---------+---------+-------+---------+---------+-------+---------
         Total |       0 |      43 |   0.0 |       0 |      22 |   0.0 |  1157
               +---------+---------+-------+---------+---------+-------+---------
           D:1 |       0 |      29 |   0.0 |       0 |      15 |   0.0 |   846
           D:2 |       0 |      14 |   0.0 |       0 |       7 |   0.0 |   311
               +---------+---------+-------+---------+---------+-------+---------
